 Dungeon Crawl Stone Soup version 0.30-a0-715-gdb4ae3ece1 (webtiles) character file.

Game seed: 10237716230862130794

215795 sokol815 the Warrior (level 17, -10/156 (160) HPs)
             Began as a Demigod Fighter on Jan 25, 2023.
             Killed from afar by a halazid warlock (12 damage)
             ... with a ghostly fireball
             ... in the Desolation of Salt.
             The game lasted 01:18:59 (37571 turns).

sokol815 the Warrior (Demigod Fighter)             Turns: 37571, Time: 01:19:00

HP:   -10/156 (160) AC: 20    Str: 17      XL:     17   Next: 71%
MP:   1/30          EV: 29    Int:  8 (10) God:
Gold: 545           SH: 20    Dex: 30      Spells: 28/28 levels left

rFire   + . .      SeeInvis .    a - +8 trident of the Octopus King {venom, rElec rPois}
rCold   + . .      Faith    .    x - +0 kite shield {AC+3}
rNeg    + + .      Spirit   .    S - +2 troll leather armour
rPois   +          Reflect  +    d - +2 hat of Syndicalism {rC+ rN++ Dex-3}
rElec   +          Harm     .    Z - scarf {repulsion}
rCorr   .          Rampage  ∞    z - +3 Mad Mage's Maulers {Infuse+∞ VampMP -Cast}
Will    .....      NoCast   +    n - +3 pair of seven-league boots {Rampage+∞}
Stlth   ++                       u - amulet of reflection
HPRegen 1.26/turn                F - ring of protection from fire {rF+, !d}
MPRegen 0.22/turn                Q - +4 ring of slaying

@: weak-willed, slowed, lightly drained, repel missiles, very slow
A: high MP 1, forlorn, divine attributes, horns 1, deterioration 1
}: 1/15 runes: serpentine
a: no special abilities


You were in the Desolation of Salt.
You visited 5 branches of the dungeon, and saw 28 of its levels.
You also visited: Volcano and Desolation.

You collected 2865 gold pieces.
You spent 2320 gold pieces at shops.

Inventory:

Hand Weapons
 a - the +8 trident of the Octopus King (weapon) {venom, rElec rPois}
   (You found it on level 4 of the Dungeon)

   rElec:     It insulates you from electricity.
   rPois:     It protects you from poison.
 c - a +9 scythe
   (You took it off Sigmund on level 5 of the Dungeon)
 l - a +3 double sword of electrocution
   (You took it off Urug on level 4 of the Lair of Beasts)
 t - the +7 broad axe of Calculation {freeze, Int+3}
   (You found it on level 11 of the Dungeon)

   Int:       It affects your intelligence (+3).
Missiles
 p - 9 javelins
 G - 2 throwing nets {!d}
 K - 4 silver javelins
Armour
 d - the +2 hat of Syndicalism (worn) {rC+ rN++ Dex-3}
   (You acquired it on level 5 of the Lair of Beasts)

   Dex:       It affects your dexterity (-3).
   rC:        It protects you from cold.
   rN:        It greatly protects you from negative energy.
 n - the +3 pair of seven-league boots (worn) {Rampage+∞}
   (You bought it in a shop on level 7 of the Dungeon)

   Rampage+∞: When moving toward enemies, its wearer moves as far as possible.
 x - a +0 kite shield of protection (worn)
   (You took it off a naga warrior on level 4 of the Snake Pit)
 z - the +3 Mad Mage's Maulers (worn) {Infuse+∞ VampMP -Cast}
   (You bought it in a shop on level 7 of the Dungeon)

   Infuse+∞: It empowers its wearer's blows with all of their magic.
   VampMP:    Blows struck in melee replenish the wearer's magic.
   -Cast:     It prevents spellcasting.
 S - a +2 troll leather armour (worn)
   (You found it on level 8 of the Dungeon)
 Z - a scarf of repulsion (worn)
   (You found it on level 3 of the Snake Pit)
Jewellery
 f - a ring of fire {rF+, rC-}
   (You found it in the Desolation of Salt)
 o - the ring of Twilight {rC- rCorr Str+10 Int+3}
   (You found it on level 5 of the Lair of Beasts)

   [ring of resist corrosion]

   Str:       It affects your strength (+10).
   Int:       It affects your intelligence (+3).
   rC:        It makes you vulnerable to cold.
   rCorr:     It protects you from acid and corrosion.
 u - an amulet of reflection (around neck)
   (You found it on level 5 of the Lair of Beasts)
 A - a ring of protection from fire {rF+, !d}
   (You found it in the Desolation of Salt)
 C - a ring of protection from cold {rC+, !d}
   (You found it on level 4 of the Dungeon)
 F - a ring of protection from fire (left hand) {rF+, !d}
   (You took it off a goblin on level 4 of the Dungeon)
 Q - a +4 ring of slaying (right hand)
   (You found it on level 3 of the Snake Pit)
 V - a ring of see invisible {sInv, !d}
   (You found it on level 10 of the Dungeon)
 X - a ring of resist corrosion
   (You found it on level 12 of the Dungeon)
Wands
 e - a wand of charming (14)
   (You found it on level 8 of the Dungeon)
 h - a wand of acid (13)
   (You found it on level 5 of the Dungeon)
 i - a wand of iceblast (5)
   (You found it on level 3 of the Lair of Beasts)
 j - a wand of polymorph (20)
   (You found it on level 8 of the Dungeon)
 q - a wand of flame (35)
   (You found it on level 8 of the Dungeon)
 y - a wand of mindburst (20)
   (You found it on level 13 of the Dungeon)
Scrolls
 b - 13 scrolls of identify {@r1}
 k - 10 scrolls of poison {!r}
 m - 3 scrolls of butterflies
 E - 5 scrolls of fear
 I - 2 scrolls of torment {!r}
 O - a scroll of silence
 Y - 7 scrolls of teleportation {@r3}
Potions
 s - 6 potions of cancellation
 H - 5 potions of haste
 J - 10 potions of curing {@q1}
 L - 3 potions of flight
 M - 6 potions of might
 P - 7 potions of lignification {!q}
 R - 4 potions of resistance
 T - 3 potions of attraction {!q}
Miscellaneous
 g - a tin of tremorstones (2/2)
   (You found it on level 11 of the Dungeon)
 v - a lightning rod (4/4)
   (You found it in a volcano)
 w - a phial of floods
   (You found it on level 13 of the Dungeon)


   Skills:
 + Level 16.6 Fighting
 - Level 4.5 Long Blades
 - Level 14.0 Polearms
 - Level 7.0 Armour
 + Level 16.6 Dodging
 * Level 12.1 Shields
 - Level 6.0 Spellcasting
 - Level 6.0 Evocations


You had 28 spell levels left.
You didn't know any spells.
Your spell library contained the following spells:

 Spells                   Type           Power      Damage    Failure   Level
 Apportation              Tloc           4%         N/A       50%         1
 Kiss of Death            Conj/Necr      8%         2d6       50%         1
 Necrotise                Necr           8%         1d4       50%         1
 Shock                    Conj/Air       8%         1d3       50%         1
 Blink                    Tloc           4%         N/A       65%         2
 Cigotuvi's Dreadful Rot  Necr/Pois/Air  4%         N/A       65%         2
 Ensorcelled Hibernation  Hex/Ice        4%         N/A       65%         2
 Passwall                 Tmut/Erth      1%         N/A       65%         2
 Poisonous Vapours        Pois/Air       4%         N/A       65%         2
 Scorch                   Fire           4%         2d5       65%         2
 Static Discharge         Conj/Air       4%         2-3/arc   65%         2
 Confusing Touch          Hex            2%         N/A       86%         3
 Inner Flame              Hex/Fire       2%         N/A       86%         3
 Mephitic Cloud           Conj/Pois/Air  2%         N/A       86%         3
 Portal Projectile        Hex/Tloc       4%         N/A       86%         3
 Summon Guardian Golem    Hex/Summ       2%         N/A       86%         3
 Swiftness                Air            2%         N/A       86%         3
 Tukima's Dance           Hex            2%         N/A       86%         3
 Vampiric Draining        Necr           2%         2d6       86%         3
 Vhi's Electric Charge    Tloc/Air       4%         N/A       86%         3
 Airstrike                Air            1%         2d(1-17)  99%         4
 Animate Armour           Summ/Erth      4%         N/A       99%         4
 Dispel Undead            Necr           2%         3d7       99%         4
 Flame Wave               Conj/Fire      2%         2d4       99%         4
 Leda's Liquefaction      Hex/Erth       1%         N/A       99%         4
 Manifold Assault         Tloc           2%         N/A       99%         4
 Sticky Flame             Conj/Fire      2%         2d3       99%         4
 Agony                    Necr           2%         N/A       100%        5
 Alistair's Intoxication  Tmut/Pois      1%         N/A       100%        5
 Arcjolt                  Conj/Air       1%         1d11      100%        5
 Blade Hands              Tmut           1%         N/A       100%        5
 Iskenderun's Battlesphe  Conj           2%         2d6       100%        5
 Lightning Bolt           Conj/Air       1%         1d12      100%        5
 Dispersal                Tloc           1%         N/A       100%        6
 Iron Shot                Conj/Erth      1%         9d1       100%        6
 Starburst                Conj/Fire      1%         6d3       100%        6
 Summon Cactus Giant      Summ           1%         N/A       100%        6
 Orb of Destruction       Conj           1%         9d5       100%        7
 Spellforged Servitor     Conj/Summ      1%         N/A       100%        7
 Storm Form               Tmut/Air       1%         N/A       100%        7
 Disjunction              Tloc           1%         N/A       100%        8
 Ignition                 Fire           1%         3d3       100%        8


Dungeon Overview and Level Annotations

Branches:
Dungeon (15/15) Zot: 24607  Temple (0/1) D:7            Lair (5/5) D:11 Zot: 24726
 Shoals (0/4) Lair:2        Snake (4/4) Lair:3 Zot: 14809   Slime (0/5) Lair:5
    Orc (2/2) D:9 Zot: 9353     Elf (0/3) Orc:2        Vaults (2/5) D:14 Zot: 11528
 Depths (0/4) D:15        Volcano (visited)         Desolation (1/1) Zot: 4909
  Crypt: Vaults:2-3

Shops:
D:2 *   D:7 [   D:11 [   D:15 :   Orc:1 (   Orc:2 (:[((   Snake:1 =([=

Portals:
Trove: Vaults:1 (give horn of Geryon)

Annotations:
D:4 3 runed translucent doors, wormed's ghost, amateur DsFE
D:5 1 runed translucent door, Crazy Yiuf
D:7 2 runed translucent doors
D:9 3 runed translucent doors, GimliDwarf's ghost, novice TeCj; samgaumpmail's ghost, journeyman FoHu; sirJeffrey23's ghost, journeyman HOFi
D:15 3 runed translucent doors, Keluf's ghost, journeyman GrFi
Lair:3 2 transporters, Bediveer's ghost, journeyman DsFi
Lair:5 1 runed translucent door, drugrobin's ghost, journeyman DgDe


Innate Abilities, Weirdness & Mutations

You have an increased reservoir of magic. (+10% MP)
You shall have no god before yourself.
Your divine heritage dramatically boosts your attributes as you level up.
You have a pair of small horns on your head.
Your body sometimes deteriorates upon taking damage.


Message History

Your body is wracked with pain!
* * * LOW HITPOINT WARNING * * *
You block the saltling's attack. The halazid warlock misses you.
The saltling misses you.
The ragged hierophant hits you but does no damage.
You block the halazid warlock's attack.
The servant of whispers hits you but does no damage.
The imperial myrmidon completely misses you.
You block the servant of whispers's attack.
You take 26 damage, and have 27/160 hp.
Okay, then.
Aim: a halazid warlock (almost destroyed, sheltered from injuries, covered in acid, 67% to hit)
The bolt of acid hits the halazid warlock!
The halazid warlock seems to be corroded for longer.
The imperial myrmidon misses you.
You block the imperial myrmidon's attack.
The saltling hits you but does no damage.
You block the saltling's attack.
The ragged hierophant hits you with a +1 double sword of flaming.
* * * LOW HITPOINT WARNING * * *
You block the halazid warlock's attack. The halazid warlock closely misses you.
The imperial myrmidon completely misses you.
The servant of whispers completely misses you.
The imperial myrmidon closely misses you.
The servant of whispers completely misses you.
The ironbound convoker points at the saltling and mumbles some strange words.
The saltling seems to grow stronger.
The imperial myrmidon barely misses you.
The saltling completely misses you. The saltling closely misses you.
You block the ragged hierophant's attack.
The halazid warlock completely misses you.
The halazid warlock touches you but does no damage.
You take 1 damage, and have 26/160 hp.
Okay, then.
Aim: a halazid warlock (almost destroyed, sheltered from injuries, covered in acid, 67% to hit)
The bolt of acid hits the halazid warlock!!
The halazid warlock seems to be corroded for longer.
You destroy the halazid warlock!
The saltling dissolves into shadows!
The ironbound convoker dissolves into shadows!
The saltling dissolves into shadows! x2
The ironbound convoker dissolves into shadows!
The imperial myrmidon dissolves into shadows!
The saltling dissolves into shadows! x2; The air resumes its normal movements.
The servant of whispers dissolves into shadows!
The saltling dissolves into shadows! x2
The imperial myrmidon hits you with a +0 dire flail.
* * * LOW HITPOINT WARNING * * *
The imperial myrmidon completely misses you.
The servant of whispers calls down the wrath of its god upon you.
The bolt of lightning misses you.
The bolt of lightning hits the imperial myrmidon!
The imperial myrmidon casts a spell at you.
You are confused.
The ragged hierophant completely misses you.
The halazid warlock barely misses you.
The imperial myrmidon casts a spell at you.
You are more confused.
The saltling hits you.
* * * LOW HITPOINT WARNING * * *
The servant of whispers completely misses you.
You take 9 damage, and have 17/160 hp.
You feel better.
The imperial myrmidon hits you with a +0 dire flail.
* * * LOW HITPOINT WARNING * * *
You block the imperial myrmidon's attack.
The ragged hierophant hits you with a +1 double sword of flaming!
* * * LOW HITPOINT WARNING * * *
The ragged hierophant burns you.
* * * LOW HITPOINT WARNING * * *
You block the saltling's attack. The saltling completely misses you.
You block the halazid warlock's attack. The imperial myrmidon misses you.
The servant of whispers prays to its god.
The air becomes perfectly still.
The halazid warlock completely misses you.
The saltling completely misses you.
The ragged hierophant gestures wildly while chanting.
The ragged hierophant begins to accept its allies' injuries.
The saltling closely misses you.
The imperial myrmidon hits you with a +0 demon blade!
* * * LOW HITPOINT WARNING * * *
You block the saltling's attack.
You take 16 damage, and have 1/160 hp.
You puncture the saltling!
You headbutt the saltling, but do no damage.
You block the imperial myrmidon's attack.
You block the servant of whispers's attack.
The imperial myrmidon misses you. The saltling misses you. x2
The saltling completely misses you.
You block the ragged hierophant's attack.
The halazid warlock points at the saltling and mumbles some strange words.
The saltling's animating energy erupts into ghostly fire!
The ghostly flame explodes!
The ghostly fireball engulfs the saltling.
The saltling completely resists.
The ghostly fireball engulfs the saltling.
The saltling completely resists.
The ghostly fireball engulfs you! You partially resist.
You feel drained.
You die...

########...... .......
########.......♣♣. .... .......
######.......♣♣..♣♣.... .......
######.......♣......... .......
######......♣........♣ ......)
#####......♣...[.....♣. .......
#####.....♣....99.....♣ .......
#####......♣.)aaLp...♣. .......
#####.......♣99@a9..... .......
####.........♣..9..♣... ........
####...........♣.a♣.... ........
####................... ........
####............................
####............................
####...........................#
#####..........................#
####........... .............#.


You could see a ragged hierophant, a servant of whispers (summoned, stilling
wind, sheltered), 2 imperial myrmidons, a halazid warlock (sheltered), an
ironbound convoker (summoned, sheltered) and 6 saltlings.

Vanquished Creatures
  Rupert (D:12)
  Kirke (Lair:3)
  9 nagarajas
  Louise (D:14)
  3 vault wardens (Vaults:1)
  2 ironbound preservers (Vaults:1)
  A stone giant (D:15)
  A halazid warlock (Desolation)
  A red draconian (Volcano)
  6 ragged hierophants (Desolation)
  Fannar (D:10)
  9 servants of whispers (Desolation)
  A rakshasa (D:15)
  7 hydras
  11 vault guards
  Erolcha (D:13)
  2 salamander tyrants (Snake:4)
  8 peacekeepers
  A catoblepas (D:13)
  3 ironbound frosthearts
  2 ogre magi
  8 anacondas
  2 centaur warriors
  8 two-headed ogres
  15 naga warriors
  5 boulder beetles
  2 tengu warriors (D:15)
  5 orc high priests
  3 death yaks (Lair:4)
  15 naga sharpshooters
  Urug (Lair:4)
  13 shock serpents
  A deep elf knight (D:14)
  Sonja (D:11)
  Amaemon (D:8)
  A fire crab (shapeshifter) (D:14)
  5 skeletal warriors
  5 salamander mystics
  5 deep trolls
  Lodul (D:12)
  6 sea snakes
  7 naga ritualists
  3 lindwurms (Vaults:2)
  A deep elf zephyrmancer (D:15)
  2 ironbound convokers
  7 orc knights
  10 cyclopes
  4 deep elf pyromancers
  7 ugly things
  15 mana vipers
  4 orc sorcerers
  An oklob plant (Lair:5)
  7 salamanders
  11 guardian serpents
  A manticore (D:12)
  Maurice (D:11)
  30 black mambas
  7 elephants
  19 naga magi
  2 molten gargoyles (Volcano)
  7 cane toads
  An orange demon (D:8)
  3 gargoyles (Volcano)
  An unseen horror (D:12)
  Maggie (Lair:2)
  Psyche (D:8)
  10 komodo dragons
  3 rime drakes
  3 tengu conjurers
  3 yaktaurs
  3 meliai (D:12)
  5 trolls
  A hornet (shapeshifter) (D:15)
  9 polar bears (Lair:5)
  4 hornets
  3 raiju (Lair:5)
  43 saltlings (Desolation)
  12 dream sheep (Lair:5)
  10 blink frogs
  26 slime creatures
  A spriggan (Lair:3)
  A shadow (D:11)
  A ynoxinul (D:8)
  Sigmund (D:5)
  5 wyverns
  27 yaks
  A vampire (D:9)
  2 wraiths
  6 basilisks
  4 hogs (Lair:3)
  4 steam dragons
  15 vampire mosquitoes
  Menkaure (D:4)
  5 wargs
  69 nagas
  14 water moccasins
  Edmund (D:4)
  An acid dragon (D:12)
  14 hell hounds (Lair:5)
  A black bear (shapeshifter) (D:13)
  12 black bears
  20 orc warriors
  A sky beast (D:7)
  An ice beast (D:7)
  A swamp drake (D:10)
  14 ogres
  5 centaurs
  43 wolves
  13 bullfrogs
  A kobold brigand (D:9)
  A necrophage (D:8)
  A gnoll sergeant (D:5)
  3 scorpions
  22 wights
  10 killer bees
  8 howler monkeys
  4 electric eels (Snake:3)
  7 hounds
  4 jellies
  15 orc priests
  A gnoll bouda (D:6)
  An iguana (D:5)
  22 orc wizards
  7 hell rats (Lair:2)
  Robin (D:4)
  12 gnolls
  9 adders
  A white imp (D:7)
  3 worms
  A dart slug (D:4)
  46 orcs
  8 ball pythons
  11 endoplasms
  3 giant cockroaches
  12 goblins
  15 hobgoblins
  4 jackals (D:1)
  14 kobolds
  4 quokkas
  7 bats
  5 frilled lizards
  5 rats
  A spectral orc (D:14)
  A butterfly (Lair:5)
1017 creatures vanquished.

Vanquished Creatures (others)
  A naga mage (Snake:4)
  An orc priest (Orc:1)
  9 fungi
  30 plants
  8 withered plants
49 creatures vanquished.

Grand Total: 1066 creatures vanquished

Notes
Turn   | Place    | Note
-------+----------+-------------------------------------------
     0 | D:1      | sokol815 the Demigod Fighter began the quest for the Orb.
     0 | D:1      | Reached XP level 1. HP: 18/18 MP: 3/3
    63 | D:1      | HP: 4/18 [frozen (3)]
    65 | D:1      | Reached skill level 2 in Long Blades
   251 | D:1      | Reached XP level 2. HP: 25/25 MP: 4/4
   456 | D:1      | Reached skill level 1 in Dodging
   685 | D:1      | Reached skill level 3 in Fighting
   685 | D:1      | Reached XP level 3. HP: 28/31 MP: 5/5
   858 | D:2      | Reached skill level 3 in Armour
  1239 | D:2      | Found Woewnocs's General Store.
  1336 | D:2      | Identified the +1 hat "Fuisali" {Str+8 Dex-4 Stlth-}
  1680 | D:2      | Reached skill level 3 in Long Blades
  1680 | D:2      | Reached XP level 4. HP: 35/38 MP: 6/6
  2835 | D:4      | Reached XP level 5. HP: 17/45 MP: 7/7
  2958 | D:4      | Noticed Robin
  3081 | D:4      | Found a runed translucent gate.
  3081 | D:4      | Found a runed translucent gate.
  3083 | D:4      | Found a runed translucent gate.
  3091 | D:4      | Noticed wormed's ghost (amateur DsFE)
  3340 | D:4      | Killed Robin
  3341 | D:4      | Reached skill level 2 in Dodging
  3344 | D:4      | Noticed Menkaure
  3346 | D:4      | Gained mutation: Armour fits poorly on your strangely
                  | shaped body. [potion of mutation]
  3346 | D:4      | Gained mutation: You have sharp toenails. [potion of
                  | mutation]
  3346 | D:4      | Gained mutation: You have a pair of small horns on your
                  | head. [potion of mutation]
  3356 | D:4      | Killed Menkaure
  3357 | D:4      | Reached skill level 4 in Long Blades
  3357 | D:4      | Reached XP level 6. HP: 44/52 MP: 8/8
  3367 | D:4      | Lost mutation: Armour fits poorly on your strangely shaped
                  | body. [potion of mutation]
  3367 | D:4      | Lost mutation: You have sharp toenails. [potion of
                  | mutation]
  3367 | D:4      | Gained mutation: Your body sometimes deteriorates upon
                  | taking damage. [potion of mutation]
  3483 | D:4      | Noticed Edmund
  3508 | D:4      | HP: 11/52 [Edmund/+3 dire flail of holy wrath (8)]
  3509 | D:4      | Killed Edmund
  3691 | D:4      | Found the +8 trident of the Octopus King {venom, rElec
                  | rPois}
  3905 | D:4      | Reached skill level 4 in Fighting
  4075 | D:5      | Entered Level 5 of the Dungeon
  4080 | D:4      | Reached skill level 4 in Armour
  4097 | D:5      | Reached skill level 1 in Polearms
  4176 | D:5      | Reached skill level 3 in Dodging
  4176 | D:5      | Reached XP level 7. HP: 40/59 MP: 9/9
  4386 | D:5      | Reached skill level 2 in Polearms
  4599 | D:5      | Reached skill level 3 in Polearms
  4890 | D:5      | Noticed Sigmund
  4893 | D:5      | Killed Sigmund
  4894 | D:5      | Reached XP level 8. HP: 67/67 MP: 10/10
  5062 | D:5      | Found a runed translucent door.
  5063 | D:5      | Noticed Crazy Yiuf
  5252 | D:6      | Reached skill level 5 in Fighting
  5252 | D:6      | Reached skill level 4 in Polearms
  5252 | D:6      | Reached skill level 5 in Armour
  5252 | D:6      | Reached skill level 4 in Dodging
  5508 | D:6      | Reached skill level 5 in Polearms
  5596 | D:6      | Reached skill level 11 in Polearms
  5596 | D:6      | Reached XP level 9. HP: 74/74 MP: 11/11
  6192 | D:7      | Reached skill level 12 in Polearms
  6192 | D:7      | Reached skill level 5 in Dodging
  6353 | D:7      | Found a staircase to the Ecumenical Temple.
  6584 | D:7      | Found Gixzudeg's Antique Armour Shoppe.
  6638 | D:7      | Found a large runed translucent door.
  6639 | D:7      | Found a large runed translucent door.
  6931 | D:8      | Reached XP level 10. HP: 81/81 MP: 13/13
  7059 | D:8      | Got Sif Muna's Elucidation of Earth
  7118 | D:8      | Noticed Psyche
  7127 | D:8      | Killed Psyche
  7128 | D:8      | Reached skill level 13 in Polearms
  7341 | D:8      | Noticed Amaemon
  7353 | D:8      | Killed Amaemon
  7398 | D:8      | Noticed a two-headed ogre
  7404 | D:8      | Killed a two-headed ogre
  7744 | D:8      | Noticed a two-headed ogre
  7749 | D:8      | Killed a two-headed ogre
  7750 | D:8      | Reached skill level 14 in Polearms
  8029 | D:9      | Reached XP level 11. HP: 88/88 MP: 14/14
  8078 | D:9      | Found a staircase to the Orcish Mines.
  8171 | D:9      | Reached skill level 1 in Evocations
  8251 | D:9      | Noticed a two-headed ogre
  8255 | D:9      | Found a runed translucent gate.
  8255 | D:9      | Found a runed translucent gate.
  8255 | D:9      | Found a runed translucent gate.
  8265 | D:9      | Killed a two-headed ogre
  8266 | D:9      | Reached skill level 2 in Evocations
  8297 | D:9      | Noticed samgaumpmail's ghost (journeyman FoHu)
  8297 | D:9      | Noticed GimliDwarf's ghost (novice TeCj)
  8297 | D:9      | Noticed sirJeffrey23's ghost (journeyman HOFi)
  8534 | D:10     | Entered Level 10 of the Dungeon
  8576 | D:10     | Reached skill level 3 in Evocations
  8750 | D:10     | Reached skill level 6 in Dodging
  9078 | D:10     | Reached skill level 6 in Fighting
  9078 | D:10     | Reached skill level 6 in Armour
  9287 | D:11     | Noticed Sonja
  9363 | D:11     | Noticed Fannar
  9363 | D:11     | Noticed Maurice
  9387 | D:10     | Killed Fannar
  9410 | D:11     | Killed Maurice
  9411 | D:11     | Reached skill level 4 in Evocations
  9597 | D:11     | Killed Sonja
  9675 | D:11     | Noticed a two-headed ogre
  9686 | D:11     | Killed a two-headed ogre
  9692 | D:11     | Identified the +7 broad axe of Calculation {freeze, Int+3}
  9732 | D:11     | Found Qeggux's Armour Boutique.
  9949 | D:11     | Found a staircase to the Lair.
 10086 | Lair:1   | Entered Level 1 of the Lair of Beasts
 10130 | Lair:1   | Reached skill level 5 in Evocations
 10967 | Lair:2   | Reached XP level 12. HP: 85/97 MP: 15/15
 11130 | Lair:2   | Identified the +0 arbalest "Usirghuj" {freeze, *Corrode
                  | rPois rF+ rN+}
 11211 | Lair:2   | Noticed Maggie
 11227 | Lair:2   | Killed Maggie
 11228 | Lair:2   | Reached skill level 6 in Evocations
 11315 | Lair:2   | Reached skill level 7 in Fighting
 11320 | Lair:2   | Reached skill level 7 in Armour
 11320 | Lair:2   | Reached skill level 7 in Dodging
 11518 | Lair:2   | Found a staircase to the Shoals.
 11704 | Lair:3   | Noticed Bediveer's ghost (journeyman DsFi)
 11707 | Lair:3   | Found a transporter.
 11713 | Lair:3   | Found a transporter.
 11790 | Lair:3   | Noticed a four-headed hydra
 11835 | Lair:3   | Killed a four-headed hydra
 12026 | Lair:3   | Reached skill level 8 in Fighting
 12026 | Lair:3   | Reached skill level 8 in Dodging
 12103 | Lair:3   | Noticed Kirke
 12148 | Lair:3   | Killed Kirke
 12224 | Lair:3   | Found a staircase to the Snake Pit.
 13104 | Lair:4   | Noticed Urug
 13118 | Lair:4   | Killed Urug
 13119 | Lair:4   | Reached skill level 9 in Fighting
 13119 | Lair:4   | Reached skill level 9 in Dodging
 13219 | Lair:4   | Noticed a five-headed hydra
 13226 | Lair:4   | Killed a five-headed hydra
 13357 | Lair:4   | Reached XP level 13. HP: 85/111 MP: 16/16
 13693 | Lair:5   | Entered Level 5 of the Lair of Beasts
 13770 | Lair:5   | Found a runed translucent door.
 13770 | Lair:5   | Noticed drugrobin's ghost (journeyman DgDe)
 13801 | Lair:5   | Reached skill level 10 in Fighting
 13818 | Lair:5   | Reached skill level 10 in Dodging
 13832 | Lair:5   | Found a dark tunnel.
 13882 | Volcano  | Entered a volcano
 13929 | Volcano  | Reached skill level 3 in Shields
 13979 | Volcano  | Noticed a red draconian
 13997 | Volcano  | Killed a red draconian
 14009 | Volcano  | Noticed an orb of fire
 14082 | Volcano  | Noticed an orb of fire
 14120 | Volcano  | Reached skill level 4 in Shields
 14682 | Lair:5   | Reached skill level 5 in Shields
 14829 | Lair:5   | Found a staircase to the Slime Pits.
 15066 | Lair:5   | Reached skill level 6 in Shields
 15238 | Lair:5   | Reached skill level 11 in Fighting
 15238 | Lair:5   | Reached skill level 11 in Dodging
 15362 | Lair:5   | Identified a scroll of acquirement
 15363 | Lair:5   | Acquired the +2 hat of Syndicalism {rC+ rN++ Dex-3}
 15412 | Lair:5   | Identified the ring of Twilight {rC- rCorr Str+10 Int+3}
 15482 | Lair:5   | Reached XP level 14. HP: 124/124 MP: 17/17
 16035 | Orc:1    | Entered Level 1 of the Orcish Mines
 16252 | D:7      | Bought the +3 Mad Mage's Maulers {Infuse+∞ VampMP -Cast}
                  | for 1160 gold pieces
 16252 | D:7      | Found the +3 Mad Mage's Maulers {Infuse+∞ VampMP -Cast}
 16663 | Orc:1    | Found Louklik's Weapon Emporium.
 17108 | Orc:2    | Entered Level 2 of the Orcish Mines
 17259 | Orc:2    | Found Veath's Antique Weapon Boutique.
 17263 | Orc:2    | Found a staircase to the Elven Halls.
 17335 | Orc:2    | Reached skill level 12 in Fighting
 17441 | Orc:1    | Reached skill level 12 in Dodging
 17800 | Orc:2    | Found Kivingy's Antique Weapon Emporium.
 17800 | Orc:2    | Found Zuygen's Book Shop.
 17904 | Orc:2    | Found Piox Sal's Armour Emporium.
 17904 | Orc:2    | Found Zimigagu's Weapon Shop.
 19156 | D:12     | Identified the +0 pair of boots of Tuatwy Ugry {Drain rCorr
                  | Int+2 Stlth+}
 19161 | D:12     | Noticed Rupert
 19177 | D:12     | Killed Rupert
 19591 | D:12     | Noticed Lodul
 19598 | D:12     | Killed Lodul
 21627 | D:13     | Noticed Erolcha
 21634 | D:13     | Killed Erolcha
 21635 | D:13     | Reached skill level 13 in Fighting
 22120 | D:14     | Reached skill level 13 in Dodging
 22457 | D:14     | Found a gate to the Vaults.
 23052 | D:14     | Reached XP level 15. HP: 63/136 MP: 2/18
 23348 | D:14     | Reached skill level 1 in Spellcasting
 23818 | D:15     | Entered Level 15 of the Dungeon
 23989 | D:15     | Reached skill level 2 in Spellcasting
 24119 | D:15     | Found Qouhan's Book Shop.
 24256 | D:7      | Bought the +3 pair of seven-league boots {Rampage+∞} for
                  | 1160 gold pieces
 24256 | D:7      | Found the +3 pair of seven-league boots {Rampage+∞}
 24807 | D:15     | Found a runed translucent gate.
 24807 | D:15     | Found a runed translucent gate.
 24807 | D:15     | Found a runed translucent gate.
 24807 | D:15     | Noticed Keluf's ghost (journeyman GrFi)
 24848 | D:15     | Noticed Louise
 24878 | D:14     | Killed Louise
 25000 | D:15     | Reached skill level 3 in Spellcasting
 25893 | D:15     | Reached skill level 4 in Spellcasting
 25893 | D:15     | Found a staircase to the Depths.
 26245 | Snake:1  | Entered Level 1 of the Snake Pit
 26379 | Snake:1  | Found Caladd's Antique Armour Emporium.
 26400 | Snake:1  | Reached skill level 14 in Fighting
 26524 | Snake:1  | Found Mit Loypp's Jewellery Emporium.
 26524 | Snake:1  | Found Dugese's Jewellery Shoppe.
 26529 | Snake:1  | Found Kefy's Weapon Shoppe.
 26735 | Snake:1  | Reached skill level 14 in Dodging
 28270 | Snake:2  | Reached skill level 5 in Spellcasting
 28741 | Snake:2  | Noticed a nagaraja
 28768 | Snake:2  | Killed a nagaraja
 28885 | Snake:2  | Reached skill level 6 in Spellcasting
 30929 | Snake:3  | Reached XP level 16. HP: 123/147 MP: 1/29
 31223 | Snake:3  | Reached skill level 15 in Fighting
 31238 | Snake:3  | Reached skill level 15 in Dodging
 32074 | Snake:3  | Reached skill level 7 in Shields
 32650 | Snake:4  | Entered Level 4 of the Snake Pit
 33059 | Snake:4  | Reached skill level 8 in Shields
 33889 | Snake:4  | HP: 20/149 [naga warrior/+0 trident (24)]
 34812 | Snake:4  | Reached skill level 9 in Shields
 35412 | Snake:4  | Reached skill level 16 in Fighting
 35427 | Snake:4  | Reached XP level 17. HP: 142/158 MP: 2/30
 35603 | Snake:4  | Got a serpentine rune of Zot
 35883 | Vaults:1 | Entered Level 1 of the Vaults
 35897 | Vaults:1 | You fall into a shaft and drop 1 floor!
 35929 | Vaults:2 | Reached skill level 10 in Shields
 35950 | Vaults:2 | Reached skill level 16 in Dodging
 36241 | Vaults:1 | Found a portal to a secret trove of treasure.
 36365 | Vaults:1 | Found a crumbling gateway.
 36375 | Vaults:1 | Reached skill level 11 in Shields
 36405 | Desolati | Entered the Desolation of Salt
 36650 | Desolati | Got the Elucidation of Flame
 37088 | Desolati | HP: 25/159 [saltling (24)]
 37326 | Desolati | Reached skill level 12 in Shields
 37567 | Desolati | HP: 27/160 [???[a halazid warlock] (16)]
 37570 | Desolati | HP: 1/160 [imperial myrmidon/+0 demon blade[a halazid
                  | warlock] (13)]
 37571 | Desolati | Killed from afar by a halazid warlock

Illustrated notes

Levels and vault maps discovered:
D:1:      giann_horns, layout_rooms, dilly_ecumenical_altar_fadedgnrine
D:2:      layout_loops_corners, serial_shops, nicolae_shop_trees
D:3:      layout_basic, mainiacjoe_overflow_alcove_4, nicolae_vehumet_radiance
D:4:      layout_basic, gammafunk_ghost_necromancy, nicolae_zen_rock_garden,
          minmay_misc_feat_plants, minmay_distorted, uniq_robin, uniq_menkaure,
          uniq_edmund
D:5:      layout_basic, nicolae_overflow_crystal_walls, uniq_sigmund,
          uniq_crazy_yiuf_cottage
D:6:      layout_rooms
D:7:      layout_loops_ring, kennysheep_mini,
          mainiacjoe_overflow_six_doors_small, jmf_multi_god_temple2,
          mainiacjoe_overflow_boulevard, minmay_temple_entry_proselytizer,
          serial_shops, nicolae_shop_window_shopping
D:8:      layout_basic, nicolae_overflow_hidden_temple,
          nzn_overflow_gifts_of_might_and_magic, minmay_crossroads, uniq_psyche,
          uniq_amaemon
D:9:      layout_roguey, david_orc_3, gammafunk_ghost_cemetery
D:10:     layout_loops_ring, nemelex_spade_bored_becter, pond
D:11:     layout_rooms, lair_entry_dummy, serial_shops, nicolae_lakefront_shop,
          uniq_fannar, uniq_maurice, uniq_sonja
D:12:     layout_rooms, uniq_rupert, uniq_lodul
D:13:     layout_gridville, uniq_erolcha
D:14:     layout_cave_pools, grunt_vaults_entry_fortified,
          minmay_misc_feat_tower, yredelemnul_forgotten_temple_becter
D:15:     grunt_enter_depths_snipers, layout_cross, serial_shops,
          nicolae_shop_hallway_stairs, ebering_ghost_rock_garden,
          minmay_librarian, uniq_louise
Lair:1:   layout_cellular_growth, serial_bayou_shore_b
Lair:2:   layout_roguey, elwin_shoals_entry_rooms, uniq_maggie
Lair:3:   layout_chaotic_city, minmay_snake_entry_guardpost_small,
          gammafunk_ghost_hive, st_stairs_3, grunt_forest_large_clearings,
          uniq_kirke
Lair:4:   layout_cave_pods, grunt_forest_stairs_basic, grunt_megastairs_3,
          uniq_urug
Lair:5:   hangedman_lair_caniforms_friends, layout_gridlike, wormcave,
          minmay_slime_entry_oklob_open, gammafunk_ghost_grave, enter_volcano_1,
          lemuel_fruit_fields, serial_bayou_shore_b
Snake:1:  layout_misc_corridors, basic_altar, minmay_shoptagon,
          serial_bayou_shore_b
Snake:2:  layout_basic, hangedman_snake_corridor_split
Snake:3:  layout_rooms, nicolae_snake_bzzzt
Snake:4:  minmay_snake_end_coiled, layout_rooms, guppyfry_snake_island
Orc:1:    layout_diamond_mine, serial_shops, nicolae_shop_trees
Orc:2:    grunt_orc_tribal_feast, layout_caves, serial_shops,
          nicolae_shop_window_shopping, basic_altar
Vaults:1: portal_desolation_entry_twin_temple, vaults_mumra_hex,
          nicolae_vaults_yaktaur_gun_rack, nicolae_vaults_border_crossing,
          v_misc_29, nicolae_vaults_little_ls, vaults_room_glass_cross,
          v_pattern_2, ontoclasm_vaults_loading_screen, vaults_dpeg_ring,
          nicolae_vaults_mini_display_case, layout_vaults_big_room,
          enter_trove_5, uniq_zenata
Vaults:2: vaults_room_corners, ontoclasm_vaults_decontamination,
          nicolae_vaults_twisting_passages, ontoclasm_vaults_claustrophobia,
          hangedman_vaults_river_flow, vaults_room_hallway, v_misc_28,
          nicolae_vaults_network_barrier, grunt_vaults_diagonal,
          nicolae_vaults_rhombus_5, layout_vaults_maze_bifur
Desolation

Skill      XL: |  1  2  3  4  5  6  7  8  9 10 11 12 13 14 15 16 17 |
---------------+----------------------------------------------------+-----
Long Blades    | 2 3 4 |  4.5
Dodging        | 1 2 3 4 5 6 9 11 13 14 15 16 | 16.6
Fighting       | 3 4 5 6 9 11 13 14 16 | 16.6
Armour         | 3 4 5 6 7 |  7.0
Polearms       | 1 3 11 12 14 | 14.0
Evocations     | 5 6 |  6.0
Shields        | 6 9 12 | 12.1
Spellcasting   | 6 |  6.0

Action                     |  1- 3 |  4- 6 |  7- 9 | 10-12 | 13-15 | 16-18 || total
---------------------------+-------+-------+-------+-------+-------+-------++-------
  Melee: Long sword        |   195 |   186 |       |       |       |       ||   381
         Headbutt          |       |    12 |    28 |   169 |   420 |   286 ||   915
         Trident           |       |    20 |   188 |   800 |  1750 |  1094 ||  3852
         Unarmed           |       |       |       |     5 |       |       ||     5
  Throw: Stone             |     3 |       |       |       |       |       ||     3
  Evoke: Wand              |       |       |       |     1 |       |     5 ||     6
    Use: Scroll            |       |     4 |    10 |    12 |     9 |     1 ||    36
         Potion            |       |     4 |     1 |       |     2 |     3 ||    10
   Stab: Distracted        |       |       |       |       |     9 |     1 ||    10
         Sleeping          |       |       |       |       |     3 |     2 ||     5
 Armour: Scale mail        |    92 |    96 |    48 |     8 |       |       ||   244
         Troll leather arm |       |       |       |   103 |   169 |   138 ||   410
  Dodge: Dodged            |    97 |   112 |    71 |   337 |   764 |   781 ||  2162
         Repelled          |       |       |       |       |       |    24 ||    24
  Block: Buckler           |    45 |    44 |    29 |   116 |   591 |   116 ||   941
         Reflection        |       |       |       |       |    46 |    74 ||   120
         Kite shield       |       |       |       |       |       |   800 ||   800

Table legend: (Time is in decaauts)
 A = Elapsed time spent in this place.
 B = Non-inter-level travel time spent in this place.
 C = Inter-level travel time spent in this place.
 D = Time resting spent in this place.
 E = Time spent auto-exploring this place.
 F = Levels seen in this place.
 G = Mean time per level.
                   A        B        C        D        E       F      G
               +--------+--------+--------+--------+--------+-----+--------+
         Total |  36626 |  34755 |   1871 |   3946 |  24505 |  30 | 1220.9 |
       Dungeon |  17492 |  16223 |   1269 |   1608 |  12185 |  15 | 1166.1 |
          Lair |   5273 |   4967 |    306 |    128 |   3568 |   5 | 1054.6 |
     Snake Pit |   9190 |   9009 |    181 |   1707 |   6086 |   4 | 2297.5 |
  Orcish Mines |   2646 |   2532 |    114 |    323 |   1856 |   2 | 1323.0 |
        Vaults |    471 |    471 |      0 |      5 |     13 |   2 |  235.5 |
       Volcano |    461 |    461 |      0 |     39 |    210 |   1 |  461.0 |
    Desolation |   1089 |   1089 |      0 |    133 |    586 |   1 | 1089.0 |
               +--------+--------+--------+--------+--------+-----+--------+

Top non-repeatable levels by time:
 Snake:2: 3798 daAuts
 Snake:4: 2527 daAuts
    D:14: 1840 daAuts
    D:15: 1829 daAuts
    D:12: 1746 daAuts
 Snake:3: 1698 daAuts
  Lair:5: 1521 daAuts
     D:4: 1426 daAuts
   Orc:1: 1418 daAuts
    D:13: 1393 daAuts
     D:5: 1332 daAuts
   Orc:2: 1228 daAuts
     D:8: 1201 daAuts
 Snake:1: 1166 daAuts
Desolation: 1089 daAuts

Table legend:
 A = Kills in this place as a percentage of kills in entire the game.
 B = Kills by you in this place as a percentage of kills by you in the entire game.
 C = Kills by friends in this place as a percentage of kills by friends in the entire game.
 D = Other kills in this place as a percentage of other kills in the entire game.
 E = Experience gained in this place as a percentage of experience gained in the entire game.
 F = Experience gained in this place divided by the number of levels of this place that you have seen.
                   A       B       C       D       E      F
               +-------+-------+-------+-------+-------+----------------------
         Total | 100.0 | 100.0 |   N/A | 100.0 | 100.0 | 10571.1
       Dungeon |  37.1 |  37.1 |   N/A |   0.0 |  22.2 | 4696.2
          Lair |  20.2 |  20.2 |   N/A |   0.0 |  15.6 | 9902.6
     Snake Pit |  22.1 |  22.0 |   N/A | 100.0 |  36.1 | 28622.0
  Orcish Mines |   8.8 |   8.8 |   N/A |   0.0 |   4.3 | 6875.0
        Vaults |   3.8 |   3.8 |   N/A |   0.0 |   9.1 | 14458.5
       Volcano |   1.2 |   1.2 |   N/A |   0.0 |   2.0 | 6398.0
    Desolation |   6.9 |   6.9 |   N/A |   0.0 |  10.6 | 33625.0
               +-------+-------+-------+-------+-------+----------------------
